AoeStats
← totonois

Baltic

510675277Analyzed
3v3 RM · 2d ago on Oct 2, 2026· 44m 21s· 6 players
Game mode
Random Map
Map size
Normal (6 player)
Population
200
Speed
Normal
Resources
Standard
Victory
Conquest
Starting age
Dark Age
Ending age
Imperial Age
RankedLock teamsTeams togetherTeam positionsShared explorationLock speedFull tech treeHidden civsTurbo modeCheats
Victory
Defeat
🇺🇸 Lithuanians · United States
1136
+12
🇩🇴 Bohemians · Dominican Republic
1074
+15
🇦🇺 Malay · Australia
1059
+15
🇨🇴 Saracens · Colombia
1086
-16
🇨🇴 Mongols · Colombia
1027
-13
🇨🇴 Khmer · Colombia
1025
-13
Arietediron
11:58 Feudal Age
10:14 Loom
12:24 Double-Bit Axe
13:15 Wheelbarrow
12:48 Fishing Lines
15:55 Fletching
16:05 Padded Archer Armor
16:16 Forging
23:13 Castle Age
23:18 Scale Mail Armor
23:24 Scale Barding Armor
24:20 Hand Cart
25:01 Bodkin Arrow
25:41 Medium Warships
25:54 Leather Archer Armor
26:16 Iron Casting
26:53 Chain Mail Armor
28:05 Town Watch
28:42 Horse Collar
29:55 Fervor
30:58 Chain Barding Armor
31:48 Heavy Plow
32:01 Bow Saw
34:25 Chemistry
33:21 Murder Holes
33:40 Masonry
34:41 Hand Cart
38:11 Imperial Age
35:40 Elite Skirmisher
36:53 Husbandry
39:19 Ballistics
39:19 Bombard Tower
38:32 Houfnice
40:29 Blast Furnace
40:00 Plate Mail Armor
39:33 Cavalier
42:38 Architecture
DNANNA6781
1:50 Loom
10:29 Feudal Age
11:23 Double-Bit Axe
14:11 Wheelbarrow
16:25 Gold Mining
20:26 Castle Age
19:21 Stone Mining
19:14 Horse Collar
21:33 Medium Warships
26:01 Bow Saw
29:57 Imperial Age
28:43 Fishing Lines
32:02 Chemistry
31:38 Gillnets
32:34 Conscription
32:32 Hand Cart
33:37 Heavy Plow
34:12 Town Watch
34:42 Bloodlines
34:33 Husbandry
38:24 Clinker Construction
38:26 Careening
38:27 Town Patrol
40:38 Heavy Warships
40:49 Elite Leitis
43:25 Scale Barding Armor
43:31 Forging
45:13 Chain Barding Armor
myne
9:23 Loom
12:47 Feudal Age
12:32 Fishing Lines
12:49 Double-Bit Axe
20:50 Castle Age
19:22 Horse Collar
21:00 Medium Warships
25:36 Gillnets
28:41 Arson
28:57 Squires
31:06 Wheelbarrow
31:22 Gold Mining
31:46 Bow Saw
31:52 Elite Skirmisher
32:31 Town Watch
33:31 Heavy Plow
38:12 Imperial Age
37:47 Thalassocracy
41:06 Conscription
43:08 Forging
42:50 Fletching
44:54 Chemistry
Co-Yeyo
4:42 Loom
13:13 Feudal Age
13:38 Double-Bit Axe
13:35 Horse Collar
13:48 Gold Mining
17:54 Fishing Lines
22:27 Stone Mining
25:10 Castle Age
24:06 Fletching
26:16 Medium Warships
26:06 Bodkin Arrow
29:13 Demolition Ship
31:32 Clinker Construction
31:39 Careening
33:08 Wheelbarrow
33:20 Siphons
33:42 Bow Saw
36:33 Padded Archer Armor
39:06 Imperial Age
36:52 Hand Cart
36:23 Town Watch
37:55 Ballistics
40:27 Heavy Warships
41:05 Chemistry
40:33 Carvel Hull
40:36 Dry Dock
40:27 Incendiaries
42:00 Bracer
42:01 Heavy Plow
42:25 Conscription
42:41 Heavy Demolition Ship
43:51 Leather Archer Armor
43:50 Masonry
totonois
7:36 Loom
9:50 Feudal Age
10:44 Double-Bit Axe
13:11 Town Watch
21:05 Castle Age
19:03 Gold Mining
19:58 Fletching
21:43 Bodkin Arrow
22:56 Bloodlines
23:52 Ballistics
24:41 Town Patrol
25:16 Padded Archer Armor
25:38 Husbandry
25:37 Elite Skirmisher
28:15 Leather Archer Armor
34:35 Imperial Age
34:22 Gold Shaft Mining
33:59 Bow Saw
33:31 Horse Collar
35:59 Bracer
37:44 Parthian Tactics
39:06 Chemistry
38:32 Siege Engineers
39:37 Wheelbarrow
41:30 Hand Cart
43:05 Squires
42:26 Pikeman
43:10 Scale Mail Armor
43:21 Forging
44:01 Scale Barding Armor
edwinrv99
2:55 Loom
14:39 Feudal Age
15:16 Horse Collar
15:28 Double-Bit Axe
19:44 Castle Age
18:03 Stone Mining
18:15 Gold Mining
19:28 Wheelbarrow
23:08 Town Watch
25:10 Fletching
29:49 Imperial Age
28:01 Padded Archer Armor
28:24 Bow Saw
32:09 Chemistry
31:48 Caravan
32:31 Double Crossbow
32:42 Heavy Plow
33:45 Ballistics
33:35 Bodkin Arrow
33:51 Town Patrol
34:53 Heavy Scorpion
39:13 Pikeman
40:14 Masonry
39:53 Halberdier
40:44 Scale Mail Armor
41:55 Arson
43:35 Scale Barding Armor
Connection lost

Rejoining the realm…

Still unreachable

The connection could not be restored.

Session expired

The server has moved on; the page needs a fresh start.